Unix NetHack Version 5.0.0-0 post-release - last build May 23 2026 06:08:33 (1c0ff79ee797540d5714e4e18072db0edd9e58ae,branch:main).

Game began 2026-05-25 10:32:40, ended 2026-05-25 10:52:31.

Japes, lawful female human Valkyrie

                       -------                --------------
        ---------     #|...{.-###             |{......<....|
        |........     #|....>|  ####          |............|
        |........|    #|{....|     # -----    .............|
        |.(..!..r@f####-------     ##....|    -------.------
        ---+------    ###############|...|           #
                      ##            #|.>.|           #
                                    #-----           ####   #################
                                    ###            -----|-        ----------.-
                                      #############|.....|        |..........|
                                                  #|......########...........|
                                                  #|.....|   #    |..........|
                                                  #-------   #    ------------
                                                  ############

Japes the Skirmisher        St:17 Dx:13 Co:18 In:10 Wi:9 Ch:9  Lawful
Dlvl:4  $:58 HP:0(49) Pw:12(12) AC:6  Xp:5/163 T:1593 

Latest messages:
 You stop.  Your kitten is in the way!
 What do you want to drop? [$a-dfgi-mo-vx-zA-C or ?*]
 You drop an elven dagger.
 You swap places with your kitten.
 You see here an elven dagger.
 r - an elven dagger.
 What do you want to drop? [$a-dfgi-mo-vx-zA-C or ?*]
 You drop an orcish dagger.
 You swap places with your kitten.
 You see here an orcish dagger.
 z - an orcish dagger.
 What do you want to drop? [$a-dfgi-mo-vx-zA-C or ?*]
 You drop 12 darts.
 You swap places with your kitten.
 You see here 12 darts.
 o - 12 darts.
 You hear the footsteps of a guard on patrol.
 You miss the giant ant.
 The giant ant bites!
 The giant ant bites!
 You miss the giant ant.
 The giant ant bites!
 You miss the giant ant.
 The giant ant bites!
 You miss the giant ant.
 The giant ant bites!
 You kill the giant ant!
 Welcome to experience level 5.
 You see here a giant ant corpse.
 Your kitten eats a giant ant corpse.
 You swap places with your kitten.
 You find a hidden door.
 The door opens.
 The rabid rat bites!
 You miss the rabid rat.
 The rabid rat bites!
 You miss the rabid rat.
 The rabid rat bites!
 You hit the rabid rat!
 The rabid rat bites!
 You miss the rabid rat.
 The rabid rat bites!
 The rabid rat's bite was poisoned!
 You miss the rabid rat.
 The rabid rat bites!
 You hit the rabid rat.
 The rabid rat bites!
 You die...
 Do you want your possessions identified? [ynq] (y)
 Do you want to see your attributes? [ynq] (y)

Inventory:
 Coins    ('$')
  $ - 58 gold pieces
 Weapons  (')')
  o - 12 +0 darts
  b - 5 +0 daggers (alternate weapons; not wielded)
  r - a +0 elven dagger
  z - a +0 orcish dagger
  a - a +1 spear (weapon in right hand)
  y - a +0 aklys
 Armor    ('[')
  c - an uncursed +3 small shield (being worn)
 Comestibles  ('%')
  d - an uncursed food ration
  A - 2 uncursed lembas wafers
  m - an uncursed lichen corpse
 Scrolls  ('?')
  B - an uncursed scroll of create monster
  t - an uncursed scroll of enchant weapon
  u - a cursed scroll of identify
 Potions  ('!')
  q - an uncursed potion of booze
  x - an uncursed potion of gain ability
  p - an uncursed potion of hallucination
  g - 3 uncursed potions of healing
  k - a blessed potion of object detection
  C - an uncursed potion of see invisible
  l - an uncursed potion of sleeping
 Rings    ('=')
  i - an uncursed -1 ring of protection
 Tools    ('(')
  f - a bag of tricks (0:5)
  j - an uncursed stethoscope
 Gems/Stones  ('*')
  v - a cursed jasper stone
  s - an uncursed worthless piece of black glass

Japes the Valkyrie's attributes:

Background:
 You were a Skirmisher, a level 5 human Valkyrie.
 You were lawful, on a mission for Tyr
 who was opposed by Odin (neutral) and Loki (chaotic).
 You were right-handed.
 You were in the Dungeons of Doom, on level 4.
 You entered the dungeon 1593 turns ago.
 You had 163 experience points, 157 more were needed to attain level 6.

Basics:
 You had 0 out of 49 hit points.
 You had all 12 energy points (spell power).
 Your armor class was 6.
 Your wallet contained 58 zorkmids.
 Autopickup was on for '$' plus thrown.

Final Characteristics:
 Your strength was 17 (limit:18/100).
 Your dexterity was 13 (limit:18).
 Your constitution was 18 (limit:18).
 Your intelligence was 10 (limit:18).
 Your wisdom was 9 (limit:18).
 Your charisma was 9 (limit:18).

Final Status:
 You weren't hungry.
 You were unencumbered.
 You were wielding a spear.
 You had basic skill with spear.

Final Attributes:
 You were devoutly aligned.
 You were cold resistant.
 You were stealthy.
 You are dead.

Miscellaneous:
 You didn't encounter any bones levels.
 Total elapsed playing time was 19 minutes and 50 seconds.

Major events:
 Turn
    1: Japes the lawful human Valkyrie entered the dungeon
  598: attained the rank of Skirmisher (level 3)
 1512: entered the Gnomish Mines
 1593: killed by a rabid rat

You didn't know any spells.

Skills:
 Fighting Skills
   bare handed combat [Unskilled]
   two weapon combat  [Unskilled]
   riding             [Unskilled]
 Weapon Skills
   dagger             [Basic]
   axe                [Unskilled]
   pick-axe           [Unskilled]
   short sword        [Unskilled]
   broadsword         [Unskilled]
   long sword         [Unskilled]
   two-handed sword   [Unskilled]
   saber              [Unskilled]
   hammer             [Unskilled]
   quarterstaff       [Unskilled]
   polearms           [Unskilled]
   spear              [Basic]
   trident            [Unskilled]
   lance              [Unskilled]
   sling              [Unskilled]
 Spellcasting Skills
   attack spells      [Unskilled]
   escape spells      [Unskilled]

Voluntary challenges:
 Character rerolling was not enabled.
 You were illiterate.
 You never genocided any monsters.
 You never polymorphed an object.
 You never changed form.
 You used no wishes.
Achievements:
 You entered a shop.
 You attained the rank of Skirmisher.
 You entered the Gnomish Mines.

 The Dungeons of Doom: levels 1 to 5
    Level 1:
       A fountain.
    Level 2:
       A general store.
    Level 3:
    Level 4: <- You were here.
       Some fountains, a sink.
       Stairs down to The Gnomish Mines.
       Final resting place for
          you, killed by a rabid rat.
    Level 5:
 The Gnomish Mines:
    Level 5:


Vanquished creatures:
  a small mimic
  a giant ant
  a little dog
  a homunculus
  a wererat
  2 iguanas
  2 acid blobs
  a green mold
  3 gnomes
  a gnome zombie
  4 geckos
  4 jackals
  3 kobolds
  2 goblins
  3 lichens
  2 kobold zombies
  6 newts
38 creatures vanquished.

No species were genocided or became extinct.

Game over:
                       ----------
                      /          \
                     /    REST    \
                    /      IN      \
                   /     PEACE      \
                  /                  \
                  |      Japes       |
                  |      58 Au       |
                  |   killed by a    |
                  |    rabid rat     |
                  |                  |
                  |                  |
                  |       2026       |
                 *|     *  *  *      | *
        _________)/\\_//(\/(/\)/\//\/|_)_______

Farvel Japes the Valkyrie...

You died in The Dungeons of Doom on dungeon level 4 with 905 points,
and 58 pieces of gold, after 1593 moves.
You were level 5 with a maximum of 49 hit points when you died.

